 Dungeon Crawl Stone Soup version 0.31.0-11-ge490571c62 (webtiles) character file.

Game seed: 658454923152706454

357 qw the Skirmisher (level 6, -5/35 HPs)
             Began as a Deep Elf Hunter on Feb 3, 2024.
             Slain by an orc warrior
             ... wielding a +0 trident
              (6 damage)
             ... on level 4 of the Dungeon.
             The game lasted 00:00:10 (2585 turns).

qw the Skirmisher (Deep Elf Hunter)                 Turns: 2585, Time: 00:00:11

Health: -5/35      AC: 10    Str: 10    XL:     6   Next: 36%
Magic:  8/8        EV:  9    Int: 14    God:
Gold:   62         SH:  0    Dex: 18    Spells: 5/5 levels left

rFire   . . .        a - +1 shortbow
rCold   . . .        (shield currently unavailable)
rNeg    . . .        g - +0 scale mail
rPois   .            f - +2 helmet
rElec   .            e - +0 cloak
rCorr   .            (no gloves)
SInv    .            (no boots)
Will    .....        (no amulet)
Stlth   +            (no ring)
HPRegen 0.25/turn    (no ring)
MPRegen 0.11/turn

%: no passive effects
@: hasted, very quick
A: no striking features
a: no special abilities


You were on level 4 of the Dungeon.
You visited 1 branch of the dungeon, and saw 4 of its levels.

You collected 82 gold pieces.
You spent 20 gold pieces at shops.


   Skills:
 - Level 2.0 Fighting
 + Level 9.7 Ranged Weapons
 - Level 1.0 Armour
 - Level 2.4 Dodging
 - Level 1.2 Stealth


You had 5 spell levels left.
You didn't know any spells.
Your spell library was empty.

Inventory:

Hand Weapons
 a - a +1 shortbow (weapon)
Armour
 e - a +0 cloak (worn)
 f - a +2 helmet (worn)
 g - a +0 scale mail (worn)
Scrolls
 b - a scroll of identify
Potions
 c - 2 potions of curing
 m - a potion of might

Dungeon Overview and Level Annotations

Branches:
Dungeon (4/15)
 Temple: D:4-7

Altars:
Elyvilon

Shops:
D:1 *   D:3 =


Message History

2573 ||| DRINKING potion of haste.
You feel yourself speed up.
The orc wizard casts a spell.
The orc wizard flickers and vanishes!
The orc warrior hits you but does no damage.
You shoot an arrow.
The arrow barely misses the orc warrior.
The orc warrior hits you with a +0 trident.
You shoot an arrow.
The arrow hits the orc warrior but does no damage.
You shoot an arrow. The arrow hits the orc warrior.
The orc warrior is lightly wounded.
You shoot an arrow.
The arrow closely misses the orc warrior.
The orc warrior hits you but does no damage.
You shoot an arrow.
The arrow barely misses the orc warrior.
The orc warrior hits you with a +0 trident!
You shoot an arrow.
The arrow closely misses the orc warrior.
The orc warrior barely misses you.
You shoot an arrow.
The arrow barely misses the orc warrior.
The orc warrior hits you with a +0 trident.
You shoot an arrow.
The arrow hits the orc warrior but does no damage.
The orc warrior is lightly wounded.
You shoot an arrow. The arrow hits the orc warrior.
The orc warrior is moderately wounded.
The orc warrior closely misses you.
You shoot an arrow.
The arrow barely misses the orc warrior.
The orc warrior hits you with a +0 trident!
You shoot an arrow.
The arrow barely misses the orc warrior.
The orc warrior hits you with a +0 trident.
You shoot an arrow.
The arrow hits the orc warrior but does no damage.
The orc warrior is moderately wounded.
The orc warrior hits you with a +0 trident.
You die...

..#...#...#
.# #.
#####...# #
#.#...#...#
.#
#.....#.###.#
##...###...##
#.###.#.....#
#.
#...#...#.. #
#...##### .
#..@#
##.#o.o.$#
..###)..##
.... ###.#
..#... .# .
####


You could see an orc warrior and an orc wizard.

Vanquished Creatures
  Sigmund (D:2)
  A bombardier beetle (D:4)
  8 gnolls
  An adder (D:2)
  4 dart slugs
  9 endoplasms
  A giant cockroach (D:3)
  8 goblins
  10 hobgoblins
  3 jackals (D:2)
  5 ball pythons
  7 bats
  A frilled lizard (D:2)
  7 kobolds
  4 rats
70 creatures vanquished.

Notes
Turn   | Place    | Note
-------+----------+-------------------------------------------
     0 | D:1      | qw the Deep Elf Hunter began the quest for the Orb.
     0 | D:1      | Reached XP level 1. HP: 12/12 MP: 3/3
     0 | D:1      | 0 ||| qw: Version: 0.3-a-157-g843a77d
     0 | D:1      | 0 ||| qw: Game counter: 3567
     0 | D:1      | 0 ||| qw: Melee chars always use a shield: true
     0 | D:1      | 0 ||| qw: God list: Okawaru
     0 | D:1      | 0 ||| qw: Allow faded altars: false
     0 | D:1      | 0 ||| qw: Do Orc after clearing Dungeon:15 true
     0 | D:1      | 0 ||| qw: Do second Lair branch before Depths: true
     0 | D:1      | 0 ||| qw: Lair rune preference: random
     0 | D:1      | 0 ||| qw: Goals: Normal
     0 | D:1      | 0 ||| PLANNING D:1-11
   198 | D:1      | Reached skill level 6 in Ranged Weapons
   198 | D:1      | Reached XP level 2. HP: 16/16 MP: 4/4
   558 | D:1      | Found Qufaedug's General Store.
   566 | D:1      | 566 ||| SHOPLISTING 3 scrolls of enchant weapon (225 gold,
                  | have 31).
   566 | D:1      | 566 ||| SHOPLISTING potion of heal wounds (50 gold, have
                  | 31).
   566 | D:1      | 566 ||| BUYING scroll of identify (20 gold).
   566 | D:1      | Bought a scroll of identify for 20 gold pieces
   832 | D:1      | 832 ||| UPGRADING to +0 cloak.
   837 | D:1      | 837 ||| UPGRADING to +1 helmet.
   842 | D:1      | 842 ||| DROPPING scarf of harm.
   843 | D:1      | 843 ||| READING scroll of identify.
   843 | D:1      | 843 ||| IDENTIFYING lumpy blue potion
   844 | D:1      | 844 ||| READING scroll labelled NIRCHOR PIEJAPNAKU.
   845 | D:1      | 845 ||| READING scroll labelled SUSAID KILULAST.
   946 | D:1      | 946 ||| READING scroll labelled DONOLI DAXUBA.
   946 | D:1      | 946 ||| ENCHANTING +1 helmet.
   947 | D:1      | 947 ||| DROPPING scroll of butterflies.
   948 | D:1      | 948 ||| DROPPING potion of lignification.
  1007 | D:2      | Reached XP level 3. HP: 20/20 MP: 5/5
  1074 | D:2      | 1074 ||| FLEEEEING.
  1095 | D:2      | 1095 ||| FLEEEEING.
  1096 | D:2      | 1096 ||| FLEEEEING.
  1105 | D:2      | Reached skill level 7 in Ranged Weapons
  1245 | D:2      | Reached XP level 4. HP: 20/25 MP: 6/6
  1252 | D:2      | 1252 ||| FLEEEEING.
  1253 | D:2      | 1253 ||| FLEEEEING.
  1254 | D:2      | 1254 ||| FLEEEEING.
  1255 | D:2      | 1255 ||| FLEEEEING.
  1256 | D:2      | 1256 ||| FLEEEEING.
  1257 | D:2      | 1257 ||| FLEEEEING.
  1258 | D:2      | 1258 ||| FLEEEEING.
  1259 | D:2      | 1259 ||| FLEEEEING.
  1260 | D:2      | 1260 ||| FLEEEEING.
  1261 | D:2      | 1261 ||| FLEEEEING.
  1262 | D:2      | 1262 ||| FLEEEEING.
  1263 | D:2      | 1263 ||| FLEEEEING.
  1264 | D:2      | 1264 ||| FLEEEEING.
  1265 | D:2      | 1265 ||| FLEEEEING.
  1266 | D:2      | 1266 ||| FLEEEEING.
  1267 | D:2      | 1267 ||| FLEEEEING.
  1268 | D:2      | 1268 ||| FLEEEEING.
  1269 | D:2      | 1269 ||| FLEEEEING.
  1270 | D:2      | 1270 ||| FLEEEEING.
  1271 | D:2      | 1271 ||| FLEEEEING.
  1272 | D:2      | 1272 ||| FLEEEEING.
  1273 | D:2      | 1273 ||| FLEEEEING.
  1274 | D:2      | 1274 ||| FLEEEEING.
  1275 | D:2      | 1275 ||| FLEEEEING.
  1276 | D:2      | 1276 ||| STAIRDANCE
  1311 | D:1      | 1311 ||| UPGRADING to +0 scale mail.
  1321 | D:1      | 1321 ||| DROPPING +0 leather armour.
  1322 | D:1      | 1322 ||| READING scroll of identify.
  1322 | D:1      | 1322 ||| IDENTIFYING blue potion
  1323 | D:1      | 1323 ||| READING scroll labelled SIBO CYRHU.
  1323 | D:1      | 1323 ||| ENCHANTING +0 shortbow.
  1324 | D:1      | 1324 ||| READING scroll labelled ZIMOIN JEUFECK.
  1365 | D:2      | 1365 ||| FLEEEEING.
  1367 | D:2      | 1367 ||| FLEEEEING.
  1368 | D:2      | 1368 ||| FLEEEEING.
  1369 | D:2      | 1369 ||| FLEEEEING.
  1370 | D:2      | 1370 ||| FLEEEEING.
  1371 | D:2      | 1371 ||| FLEEEEING.
  1374 | D:2      | 1374 ||| FLEEEEING.
  1375 | D:2      | 1375 ||| FLEEEEING.
  1514 | D:2      | Noticed Sigmund
  1517 | D:2      | 1517 ||| DRINKING potion of curing.
  1517 | D:2      | 1517 ||| (to cure confusion)
  1525 | D:2      | Killed Sigmund
  1526 | D:2      | Reached skill level 9 in Ranged Weapons
  1526 | D:2      | Reached XP level 5. HP: 12/29 MP: 7/7
  1704 | D:3      | 1704 ||| STAIRDANCE
  1734 | D:3      | Found Coithrot's Jewellery Shoppe.
  1740 | D:3      | 1740 ||| SHOPLISTING +6 ring of dexterity (360 gold, have
                  | 34).
  1740 | D:3      | 1740 ||| SHOPLISTING +6 ring of strength (360 gold, have
                  | 34).
  1740 | D:3      | 1740 ||| SHOPLISTING ring of fire (250 gold, have 34).
  1740 | D:3      | 1740 ||| SHOPLISTING ring of resist corrosion (200 gold,
                  | have 34).
  1740 | D:3      | 1740 ||| SHOPLISTING ring of see invisible (150 gold, have
                  | 34).
  1740 | D:3      | 1740 ||| SHOPLISTING ring of willpower (250 gold, have 34).
  1786 | D:3      | Found a white marble altar of Elyvilon.
  1797 | D:3      | Reached XP level 6. HP: 34/34 MP: 8/8
  1902 | D:3      | Reached skill level 1 in Armour
  1908 | D:3      | HP: 7/34 [gnoll/+0 halberd (4)]
  1909 | D:3      | HP: 2/34 [gnoll/+0 halberd (5)]
  1911 | D:3      | 1911 ||| FLEEEEING.
  1915 | D:3      | 1915 ||| FLEEEEING.
  1916 | D:3      | 1916 ||| FLEEEEING.
  1917 | D:3      | 1917 ||| FLEEEEING.
  1918 | D:3      | 1918 ||| FLEEEEING.
  1919 | D:3      | 1919 ||| FLEEEEING.
  1920 | D:3      | 1920 ||| FLEEEEING.
  1921 | D:3      | 1921 ||| FLEEEEING.
  1922 | D:3      | 1922 ||| FLEEEEING.
  1923 | D:3      | 1923 ||| FLEEEEING.
  1924 | D:3      | 1924 ||| FLEEEEING.
  1925 | D:3      | 1925 ||| FLEEEEING.
  1926 | D:3      | 1926 ||| FLEEEEING.
  1927 | D:3      | 1927 ||| FLEEEEING.
  1928 | D:3      | 1928 ||| FLEEEEING.
  1929 | D:3      | 1929 ||| FLEEEEING.
  1930 | D:3      | 1930 ||| FLEEEEING.
  1931 | D:3      | 1931 ||| FLEEEEING.
  1932 | D:3      | 1932 ||| FLEEEEING.
  1933 | D:3      | 1933 ||| FLEEEEING.
  1934 | D:3      | 1934 ||| FLEEEEING.
  1935 | D:3      | 1935 ||| FLEEEEING.
  1936 | D:3      | 1936 ||| FLEEEEING.
  1937 | D:3      | 1937 ||| FLEEEEING.
  1938 | D:3      | 1938 ||| FLEEEEING.
  1939 | D:3      | 1939 ||| FLEEEEING.
  1940 | D:3      | 1940 ||| FLEEEEING.
  1941 | D:3      | 1941 ||| FLEEEEING.
  1942 | D:3      | 1942 ||| FLEEEEING.
  1943 | D:3      | 1943 ||| FLEEEEING.
  2473 | D:3      | 2473 ||| READING 3 scrolls of identify.
  2473 | D:3      | 2473 ||| IDENTIFYING smoky clear potion
  2474 | D:3      | 2474 ||| READING 2 scrolls of identify.
  2474 | D:3      | 2474 ||| IDENTIFYING coppery potion
  2570 | D:4      | Noticed an orc warrior
  2571 | D:4      | 2571 ||| RETREEEEATING.
  2572 | D:4      | 2572 ||| RETREEEEATING.
  2573 | D:4      | 2573 ||| DRINKING potion of haste.
  2583 | D:4      | HP: 7/35 [orc warrior/+0 trident (12)]
  2584 | D:4      | HP: 1/35 [orc warrior/+0 trident (6)]
  2585 | D:4      | Slain by an orc warrior

Levels and vault maps discovered:
D:1:      elethiomel_arrival_quiet, layout_loops_corners, serial_shops, shop,
          minmay_misc_feat_nine_boxes
D:2:      layout_rooms, uniq_sigmund
D:3:      layout_loops_ring, elyvilon_altar_1, serial_shops, shop,
          minmay_unequal
D:4:      nicolae_cairo_tiling, layout_basic, nicolae_ru_awakened_eye,
          uniq_grinder

Skill      XL: |  1  2  3  4  5  6 |
---------------+-------------------+-----
Ranged Weapons | 6 7 9 |  9.7
Armour         | 1 |  1.0
Fighting       | 2 |  2.0
Dodging        | |  2.4
Stealth        | |  1.2

Action                     |  1- 3 |  4- 6 || total
---------------------------+-------+-------++-------
   Fire: Shortbow          |   127 |   103 ||   230
    Use: Scroll            |     4 |     5 ||     9
         Potion            |       |     2 ||     2
 Armour: Leather armour    |    29 |     5 ||    34
         Scale mail        |       |    30 ||    30
  Dodge: Dodged            |    39 |    21 ||    60

Table legend:
 A = Non-vault XP
 B = Vault XP
 C = Vault XP percentage of total XP
 D = Non-vault monster count
 E = Vault monster count
 F = Vault count percentage of total count
                 A         B        C        D         E       F
            +---------+---------+-------+---------+---------+-------
      Total |     283 |     227 |  44.5 |      68 |       2 |   2.9
            +---------+---------+-------+---------+---------+-------
        D:1 |      32 |       0 |   0.0 |      17 |       0 |   0.0
        D:2 |     114 |     226 |  66.5 |      30 |       1 |   3.2
        D:3 |      89 |       1 |   1.1 |      20 |       1 |   4.8
        D:4 |      48 |       0 |   0.0 |       1 |       0 |   0.0
            +---------+---------+-------+---------+---------+-------
